AoeStats
← iaa4e

Black Forest

507794301Analyzed
4v4 RM · 13d ago on Sep 19, 2026· 61m 29s· 8 players
Game mode
Random Map
Map size
Large (8 player)
Population
200
Speed
Normal
Resources
Standard
Victory
Conquest
Starting age
Dark Age
Ending age
Imperial Age
RankedLock teamsTeams togetherTeam positionsShared explorationLock speedFull tech treeHidden civsTurbo modeCheats
Victory
Defeat
🇳🇴 Hindustanis · Norway
1185
+18
🇲🇽 Vikings · Mexico
1175
+18
🇩🇪 Franks · Germany
1161
+19
🇳🇴 Teutons · Norway
1149
+19
🇦🇷 Britons · Argentina
1278
-21
🇦🇷 Cumans · Argentina
1214
-18
🇦🇷 Koreans · Argentina
1202
-18
🇦🇷 Lithuanians · Argentina
1187
-17
iaa4e
7:10 Loom
11:18 Feudal Age
12:23 Double-Bit Axe
13:08 Gold Mining
15:31 Castle Age
15:17 Scale Barding Armor
21:13 Wheelbarrow
25:21 Bow Saw
25:50 Gold Shaft Mining
30:26 Imperial Age
29:34 Chain Barding Armor
29:25 Forging
29:33 Stone Mining
29:48 Husbandry
29:09 Light Cavalry
30:33 Hand Cart
30:23 Town Watch
30:37 Cavalier
33:22 Chemistry
33:49 Paladin
36:46 Conscription
36:49 #83
36:59 Town Patrol
38:09 Plate Barding Armor
37:47 Chivalry
43:45 Iron Casting
46:56 Siege Engineers
47:52 Blast Furnace
46:55 Elite Throwing Axeman
48:40 Pikeman
49:20 Squires
53:53 Caravan
55:24 Padded Archer Armor
Miztliel
2:56 Loom
10:08 Feudal Age
11:40 Double-Bit Axe
19:45 Castle Age
22:05 Man-at-Arms
24:51 Long Swordsman
25:25 Horse Collar
30:42 Town Watch
37:39 Imperial Age
35:19 Pikeman
36:42 Squires
37:17 Heavy Plow
38:24 Forging
39:46 Two-Handed Swordsman
45:50 Chieftains
49:18 Scale Mail Armor
52:20 Crop Rotation
53:12 Iron Casting
52:53 Chain Mail Armor
54:05 Gambesons
58:29 Blast Furnace
61:32 Plate Mail Armor
K!
9:20 Loom
11:06 Feudal Age
16:20 Castle Age
14:28 Double-Bit Axe
14:56 Horse Collar
15:26 Gold Mining
17:59 Bow Saw
21:48 Stone Mining
23:44 Wheelbarrow
26:04 Hand Cart
29:24 Ballistics
29:10 Scale Mail Armor
29:23 Forging
32:16 Imperial Age
30:30 Fletching
30:59 Chain Mail Armor
31:20 Iron Casting
31:48 Stone Shaft Mining
31:17 Heavy Plow
31:22 Bodkin Arrow
32:00 Ironclad
31:54 Gambesons
32:09 Squires
31:30 Pikeman
31:55 Arson
32:27 Halberdier
33:36 Conscription
32:43 Onager
35:03 Plate Mail Armor
35:38 Blast Furnace
34:56 Siege Onager
38:49 Siege Engineers
40:10 Crenellations
39:12 Elite Teutonic Knight
58:56 Caravan
60:46 Bloodlines
60:48 Scale Barding Armor
Floki
0:59 Loom
11:06 Feudal Age
13:02 Double-Bit Axe
14:27 Horse Collar
19:41 Castle Age
18:17 Fletching
24:24 Wheelbarrow
23:42 Town Watch
27:52 Hand Cart
28:18 Bow Saw
28:26 Heavy Plow
30:07 Gold Mining
31:13 Bloodlines
31:42 Gold Shaft Mining
31:03 Stone Mining
32:22 Forging
35:07 Imperial Age
33:07 Husbandry
33:37 Scale Barding Armor
35:17 Chain Barding Armor
35:53 Iron Casting
35:30 Heavy Camel Rider
36:20 Caravan
37:18 Plate Barding Armor
39:32 Blast Furnace
38:41 Grand Trunk Road
39:14 Imperial Camel Rider
52:50 Chemistry
57:51 Light Cavalry
Mr. Cold
1:17 Loom
10:13 Feudal Age
10:52 Double-Bit Axe
14:40 Horse Collar
20:54 Wheelbarrow
25:05 Castle Age
23:12 Gold Mining
24:55 Scale Barding Armor
25:01 Forging
25:28 Bloodlines
25:07 Capped Ram
26:10 Chain Barding Armor
27:03 Iron Casting
30:35 Hand Cart
34:59 Imperial Age
33:03 Stone Mining
33:54 Gold Shaft Mining
35:16 Bow Saw
36:20 Plate Barding Armor
36:46 Blast Furnace
36:22 Steppe Husbandry
36:42 Conscription
37:33 Scale Mail Armor
38:03 Pikeman
38:43 Squires
44:47 Halberdier
46:21 Heavy Plow
47:27 Two-Man Saw
47:10 Chain Mail Armor
46:57 Squires
46:59 Light Cavalry
48:11 Hussar
49:06 Fletching
49:16 Padded Archer Armor
53:22 Elite Steppe Lancer
55:17 Chemistry
Kingbirra10
10:46 Feudal Age
14:44 Castle Age
13:00 Double-Bit Axe
13:36 Horse Collar
15:45 Bow Saw
17:51 Heavy Plow
18:07 Fervor
25:18 Wheelbarrow
28:27 Imperial Age
26:52 Scale Barding Armor
27:00 Forging
26:51 Gold Mining
27:38 Devotion
28:07 Chain Barding Armor
27:55 Stone Mining
29:08 Hand Cart
29:03 Husbandry
29:14 Bloodlines
30:46 Iron Casting
30:47 Plate Barding Armor
31:43 Two-Man Saw
31:16 Crop Rotation
31:13 Elite Leitis
35:35 Stone Shaft Mining
36:53 Chemistry
36:04 Masonry
40:08 Scale Mail Armor
39:58 Pikeman
40:39 Squires
41:09 Chain Mail Armor
41:19 Conscription
41:06 Halberdier
43:33 Fletching
47:36 Bodkin Arrow
54:05 Arson
59:58 Ballistics
Ra
6:51 Loom
9:54 Feudal Age
9:58 Man-at-Arms
15:01 Fletching
18:17 Horse Collar
18:23 Double-Bit Axe
21:22 Scale Mail Armor
26:59 Castle Age
24:57 Gold Mining
25:38 Padded Archer Armor
27:02 Crossbowman
27:40 Bodkin Arrow
28:01 Leather Archer Armor
36:56 Imperial Age
34:31 Pikeman
35:00 Arson
35:27 Forging
37:55 Arbalester
41:30 Ballistics
41:16 Bracer
42:24 Wheelbarrow
43:14 Ring Archer Armor
44:09 Chain Mail Armor
44:23 Squires
47:30 Plate Mail Armor
47:36 Iron Casting
49:55 Chemistry
50:25 Halberdier
52:51 Bow Saw
54:43 Heavy Plow
60:11 Blast Furnace
Klingon86
1:06 Loom
10:09 Feudal Age
10:43 Double-Bit Axe
12:08 Town Watch
12:28 Horse Collar
17:58 Castle Age
16:49 Fletching
18:46 Bodkin Arrow
20:46 Bow Saw
27:32 Wheelbarrow
28:43 Gold Mining
33:37 Imperial Age
31:29 Gambesons
31:46 Squires
31:31 Arson
34:11 Hand Cart
35:57 Conscription
37:27 Town Patrol
40:32 Pikeman
41:22 Scale Mail Armor
41:33 Forging
Connection lost

Rejoining the realm…

Still unreachable

The connection could not be restored.

Session expired

The server has moved on; the page needs a fresh start.